 Dungeon Crawl Stone Soup version 0.21-a0-630-g344d351 (webtiles) character file.

205452 mortelune the Severer (level 19, -19/155 HPs)
             Began as a Formicid Abyssal Knight on Dec 25, 2017.
             Was the Champion of Lugonu.
             Killed from afar by a merfolk aquamancer (37 damage)
             ... with a shard of ice
             ... on level 4 of the Shoals on Dec 26, 2017.
             The game lasted 02:46:38 (49658 turns).

mortelune the Severer (Formicid Abyssal Knight)    Turns: 49658, Time: 02:46:39

Health: -19/155    AC: 38    Str: 27    XL:     19   Next: 39%
Magic:  29/29      EV:  8    Int: 16    God:    Lugonu [******]
Gold:   766        SH: 17    Dex: 14    Spells: 17/18 levels left

rFire    + + .     SeeInvis +   b - +2 arbalest (flame)
rCold    + . .     Gourm    .   R - +2 shield {AC+3}
rNeg     . . .     Faith    .   r - +14 plate armour of Insatiable Hunger {MR+ Str+3}
rPois    +         Spirit   .   (helmet unavailable)
rElec    .         Reflect  .   P - +1 cloak of Naniusch {Int+6 Dex+4}
rCorr    .         Harm     .   O - +0 pair of gloves
MR       +++++                  C - +0 pair of boots
Stlth    ..........             E - necklace of Bloodlust {*Rage +Rage MR++ Int-3 Slay+6 *Curse} (curse)
HPRegen  0.35/turn              B - ring of Exhibitionism {rF+ MR+}
MPRegen  0.21/turn              W - ring of Emeo {rPois rF+ rC+ MR+}

@: barbed spikes, very slow
A: permanent stasis, dig shafts and tunnels, four strong arms, antennae 3
}: 1/15 runes: gossamer
a: Dig, Shaft Self, Depart the Abyss, Bend Space, Banish, Corrupt, Enter the
Abyss, Brand Weapon With Distortion, Renounce Religion


You were on level 4 of the Shoals.
You worshipped Lugonu.
Lugonu was exalted by your worship.
You were very hungry.

You visited 5 branches of the dungeon, and saw 31 of its levels.
You visited the Abyss 1 time.
You also visited: Labyrinth, Sewer and Ice Cave.

You collected 3192 gold pieces.
You spent 2426 gold pieces at shops.

Inventory:

Hand Weapons
 a - the +9 battleaxe of Noon {drain, +Fly rPois rF- Int-4}
   (You found it on level 12 of the Dungeon)

   A truly terrible weapon, it drains the life of those it strikes.
   It affects your intelligence (-4).
   It makes you vulnerable to fire.
   It protects you from poison.
   It lets you fly.
 b - a +2 arbalest of flaming (weapon)
 U - a +0 morningstar
Missiles
 Q - 93 bolts (quivered)
 Y - 3 throwing nets
Armour
 e - a scarf of cloud immunity
 r - the +14 plate armour of Insatiable Hunger (worn) {MR+ Str+3}
   (You found it on level 2 of the Lair of Beasts)

   It affects your strength (+3).
   It affects your resistance to hostile enchantments.
 C - a +0 pair of boots (worn)
 O - a +0 pair of gloves (worn)
 P - the +1 cloak of Naniusch (worn) {Int+6 Dex+4}
   (You found it on level 2 of the Spider Nest)

   It affects your intelligence (+6).
   It affects your dexterity (+4).
 R - a +2 shield of protection (worn)
Jewellery
 B - the ring of Exhibitionism (left hand) {rF+ MR+}
   (You found it in a labyrinth)

   [ring of protection from fire]

   It protects you from fire.
   It affects your resistance to hostile enchantments.
 E - the cursed necklace of Bloodlust (around neck) {*Rage +Rage MR++ Int-3 Slay+6 *Curse}
   (You bought it in a shop on level 2 of the Orcish Mines)

   [amulet of rage]

   It affects your intelligence (-3).
   It affects your accuracy and damage with ranged weapons and melee attacks
   (+6).
   It affects your resistance to hostile enchantments.
   It lets you go berserk.
   It may make you go berserk in combat.
   It curses itself when equipped.
   It has a curse placed upon it.
 W - the ring of Emeo (right hand) {rPois rF+ rC+ MR+}
   (You bought it in a shop on level 6 of the Dungeon)

   [ring of protection from fire]

   It protects you from fire.
   It protects you from cold.
   It protects you from poison.
   It affects your resistance to hostile enchantments.
Wands
 h - a wand of flame (35)
 G - a wand of iceblast (22)
 J - a wand of acid (5)
 K - a wand of random effects (10)
 M - a wand of clouds (13)
 N - a wand of digging (16)
 T - a wand of scattershot (4)
 Z - a wand of polymorph (15)
Scrolls
 g - 15 scrolls of remove curse
 i - 3 scrolls of fear
 j - 2 scrolls of summoning
 o - 3 scrolls of immolation
 p - a scroll of torment {unknown}
 q - 4 scrolls of amnesia
 s - 2 scrolls of fog
 y - 3 scrolls of magic mapping
 D - 8 scrolls of identify
 F - 5 scrolls of enchant weapon
 H - 3 scrolls of holy word
 X - 2 scrolls of enchant armour
Potions
 f - 3 potions of cancellation
 k - 3 potions of flight
 l - 5 potions of mutation
 m - 3 potions of berserk rage
 n - 4 potions of ambrosia
 t - 3 potions of curing
 u - 3 potions of resistance
 v - 4 potions of haste
 x - 5 potions of might
 z - 4 potions of lignification
 A - a potion of magic
 I - 4 potions of heal wounds
 L - 5 potions of agility
 S - 3 potions of brilliance
Miscellaneous
 d - a fan of gales
 w - a lightning rod (4/4)
 V - 2 sacks of spiders
Comestibles
 c - 41 rations


   Skills:
 + Level 15.4 Fighting
 * Level 17.9 Axes
 + Level 10.2 Crossbows
 + Level 12.2 Armour
 - Level 0.8 Dodging
 - Level 15.0 Shields
 + Level 13.8 Invocations


You had 17 spell levels left.
You knew the following spells:

 Your Spells              Type           Power        Failure   Level  Hunger
a - Summon Butterflies    Summ           #.......     88%         1    ##.....


Dungeon Overview and Level Annotations

Branches:
Dungeon (15/15)            Temple (0/1) D:7            Lair (6/6) D:8
 Shoals (4/4) Lair:3       Spider (4/4) Lair:4        Slime (0/5) Lair:6
    Orc (2/2) D:12            Elf (0/3) Orc:2        Vaults (0/5) D:14
 Depths (0/5) D:15

Altars:
Dithmenos
Elyvilon
Fedhas
Hepliaklqana
Makhleb
Nemelex Xobeh
Qazlal
Trog
Vehumet
Xom
Yredelemnul
Beogh

Shops:
D:5 }:*?   D:6 !=!*   Orc:2 *([=

Annotations:
D:14 corrupted
D:15 corrupted
Lair:6 corrupted
Shoals:3 exclusion: Roxanne, Roxanne
Shoals:4 Ilsuiw
Spider:4 corrupted


Innate Abilities, Weirdness & Mutations

You cannot be hasted, slowed, berserked, paralysed or teleported.
You can dig through walls and to a lower floor.
Your four strong arms can wield two-handed weapons with a shield.
You have a pair of large antennae on your head. (SInv)


Message History

The merfolk javelineer hits you but does no damage.
You block the merfolk aquamancer's attack.
Ilsuiw gestures wildly while chanting.
You block the merfolk impaler's attack. The water nymph touches you.
The water nymph drowns you!
* * * LOW HITPOINT WARNING * * *
The water nymph's watery aura covers the escape hatch in the ceiling.
Splash!
You fall into the shallow water.
Moving in this stuff is going to be slow.
The merfolk aquamancer casts a spell.
The merfolk aquamancer blinks!
You block the manticore's attack. The manticore claws you.
* * * LOW HITPOINT WARNING * * *
The manticore barely misses you.
The merfolk hits you from afar with a trident!
* * * LOW HITPOINT WARNING * * *
The merfolk aquamancer casts a spell at you.
The shard of ice hits you! You partially resist.
You die...

≈≈..≈#≈# ≈≈.≈..
≈≈≈≈#≈≈≈# .≈≈...
.≈#≈≈≈≈≈# ......
.≈≈≈≈≈≈≈##....≈≈ .
#≈≈≈≈E#E.....(≈
... #≈EE#m.m......
....≈#≈#mm≈.......
......≈mmm@.......
......≈≈mH........
.......t.$.....m..
≈.....(##..####..#
≈.....( ..... $.
≈≈≈≈≈.....m... .
≈≈≈≈...........
≈≈≈≈≈(≈#.......


You could see Ilsuiw, 2 merfolk impalers, a merfolk javelineer, 3 merfolk
aquamancers, a snapping turtle, 2 merfolk, a manticore, 4 water elementals and a
water nymph.

Vanquished Creatures
  2 krakens
  Agnes (D:15)
  Gastronok (Lair:2)
  4 ghost moths
  An orc warlord (Orc:2)
  Aizul (Spider:4)
  5 entropy weavers
  2 spark wasps (Spider:4)
  Nessos (D:14)
  A minotaur (Lab)
  A fire dragon (Lair:6)
  A great orb of eyes (D:14)
  A merfolk impaler (Shoals:2)
  An ogre mage (D:14)
  4 vault guards (D:14)
  2 catoblepae
  Harold (D:11)
  4 centaur warriors
  A merfolk avatar (Shoals:3)
  2 merfolk aquamancers (Shoals:3)
  An alligator snapping turtle (Shoals:2)
  5 two-headed ogres
  An orc high priest (Orc:2)
  A queen ant (Spider:1)
  A death knight (D:11)
  2 tengu warriors (D:14)
  4 unseen horrors
  7 sea snakes
  2 phantasmal warriors
  A lindwurm (Lair:6)
  Pikel (D:6)
  22 harpies
  The ghost of anet the Magician, a novice DEWz (D:6)
  4 orc knights
  A deep elf mage (D:14)
  24 wolf spiders
  2 orc sorcerers (Orc:2)
  21 orb spiders
  10 ugly things
  8 fauns
  4 cyclopes
  9 manticores
  6 black mambas
  A moth of wrath (Spider:4)
  3 water nymphs
  A molten gargoyle (Lair:6)
  4 elephants (Lair:2)
  6 spiny frogs
  An eye of devastation (Lair:6)
  7 merfolk sirens
  4 torpor snails
  2 ice statues (IceCv)
  2 gargoyles (D:14)
  A centaur zombie (D:14)
  2 freezing wraiths
  12 demonic crawlers
  5 komodo dragons
  2 kobold demonologists (D:15)
  22 merfolk
  8 trolls
  30 jumping spiders
  A polar bear (Lair:6)
  4 hornets
  2 wind drakes
  4 blink frogs (Lair:3)
  12 snapping turtles
  11 hippogriffs
  Sigmund (D:6)
  55 redbacks
  31 tarantellas
  8 water elementals
  2 wraiths (D:15)
  22 yaks
  A shadow (D:10)
  A vampire (D:15)
  7 wyverns
  Eustachio (D:5)
  A steam dragon (Lair:6)
  9 basilisks
  A vampire mosquito (D:14)
  2 hungry ghosts (D:12)
  4 wargs
  26 soldier ants
  3 acid dragons
  4 water moccasins
  A black bear (D:6)
  3 hell hounds (Lair:6)
  4 sky beasts
  6 porcupines
  31 orc warriors
  A slave (D:6)
  An eye of draining (Lair:6)
  11 ice beasts
  15 ogres
  5 wolves (Lair:4)
  8 centaurs
  17 crocodiles
  6 big kobolds
  Blork the orc (Orc:2)
  17 bullfrogs
  3 wyvern zombies
  A wyvern skeleton (D:10)
  4 scorpions
  13 killer bees
  2 wights (D:14)
  7 howler monkeys
  An electric eel (Spider:1)
  2 crimson imps
  2 bullfrog zombies
  8 lava snakes
  A quasit (D:12)
  13 hounds
  26 orc wizards
  5 bullfrog skeletons
  17 orc priests
  A centaur skeleton (D:5)
  6 jellies
  Terence (D:2)
  6 iguanas
  26 worker ants
  Natasha (twice) (D:4)
  3 hell rats (Lair:5)
  A killer bee zombie (D:5)
  A hound zombie (D:7)
  3 worker ant zombies
  Robin (D:2)
  11 adders
  7 river rats
  4 shadow imps
  An adder skeleton (D:9)
  An adder zombie (D:7)
  8 worms
  3 dart slugs
  4 leopard geckos
  71 orcs
  8 giant cockroaches
  14 goblins
  11 hobgoblins
  11 jackals
  41 kobolds
  2 quokkas
  7 ball pythons
  3 bats (D:1)
  10 frilled lizards
  A giant cockroach zombie (D:6)
  2 jackal skeletons (D:4)
  A quokka zombie (D:5)
  11 rats
  2 fungi (Lair:5)
  10 plants
  6 tentacles
1034 creatures vanquished.

Vanquished Creatures (others)
  A tengu reaver (D:14)
  A caustic shrike zombie (D:15)
  A ghost moth (Spider:4)
  4 emperor scorpions (Spider:4)
  An orc warlord (D:14)
  A juggernaut skeleton (D:15)
  2 slime creatures
  A tengu warrior (D:15)
  A two-headed ogre (D:14)
  The ghost of Curus the Cleaver, a novice HOAK of Lugonu (D:8)
  A vampire mage (D:15)
  A skeletal warrior (D:15)
  A harpy (Shoals:2)
  A necromancer (D:15)
  A phantasmal warrior (D:11)
  An orb spider (Spider:4)
  3 ugly things
  3 cyclopes
  2 frost giant zombies (D:15)
  A moth of wrath (Spider:4)
  A moth of wrath (shapeshifter) (D:15)
  2 elephants (Lair:2)
  A molten gargoyle (Lair:6)
  2 black mambas (Lair:6)
  A gargoyle (D:14)
  3 centaur skeletons
  A guardian mummy (D:15)
  4 trolls
  3 tengu conjurers (D:15)
  5 hornets
  Prince Ribbit (D:6)
  8 blink frogs (Lair:6)
  A redback (Spider:1)
  A basilisk (D:14)
  2 vampire mosquitoes (D:14)
  A water moccasin (D:14)
  An acid dragon (D:15)
  A porcupine (Lair:1)
  A hell hound (Lair:6)
  3 slaves (D:6)
  A sky beast (D:6)
  An eye of draining (D:14)
  A centaur (D:6)
  A wight (D:14)
  4 electric eels
  A howler monkey (D:14)
  A lava snake (Lair:6)
  A hound (D:6)
  A worker ant (D:14)
  3 kobolds
  10 fungi
  8 plants
  2 starspawn tentacles (D:14)
  19 tentacles
  8 withered plants (D:15)
134 creatures vanquished.

Grand Total: 1168 creatures vanquished

Notes
Turn   | Place    | Note
-------+----------+-------------------------------------------
     0 | Abyss:1  | mortelune the Formicid Abyssal Knight began the quest for the Orb.
     0 | Abyss:1  | Reached XP level 1. HP: 18/18 MP: 2/2
    25 | Abyss:1  | Noticed a large abomination
    27 | D:1      | Escaped the Abyss
    71 | D:1      | Reached * piety under Lugonu
   124 | D:1      | Reached XP level 2. HP: 18/24 MP: 3/3
   375 | D:1      | Reached XP level 3. HP: 23/29 MP: 4/4
   801 | D:2      | Noticed Robin
  1012 | D:2      | Reached skill level 3 in Axes
  1309 | D:2      | Noticed Terence
  1340 | D:2      | Killed Terence
  1340 | D:2      | Reached XP level 4. HP: 19/37 MP: 5/5
  1453 | D:2      | Killed Robin
  1453 | D:2      | Reached ** piety under Lugonu
  1453 | D:2      | Reached XP level 5. HP: 8/42 MP: 6/6
  1807 | D:2      | Found a shadowy altar of Dithmenos.
  2079 | D:3      | Reached skill level 4 in Axes
  2121 | D:3      | Noticed an ice beast
  2137 | D:3      | Killed an ice beast
  2137 | D:3      | Reached XP level 6. HP: 45/49 MP: 7/7
  2248 | D:3      | Found a white marble altar of Elyvilon.
  2579 | D:3      | Found a glowing drain.
  2595 | Sewer    | Entered a sewer
  3421 | Sewer    | Reached *** piety under Lugonu
  3874 | D:3      | Reached skill level 5 in Axes
  4824 | D:4      | Noticed Natasha
  4837 | D:4      | Killed Natasha
  4837 | D:4      | Reached XP level 7. HP: 47/55 MP: 8/8
  5189 | D:4      | Noticed Natasha
  5192 | D:4      | Killed Natasha
  5192 | D:4      | Reached skill level 5 in Fighting
  5543 | D:4      | Found a burning altar of Makhleb.
  5707 | D:5      | Entered Level 5 of the Dungeon
  6525 | D:5      | Noticed Eustachio
  6552 | D:5      | Killed Eustachio
  6552 | D:5      | Reached skill level 6 in Axes
  6552 | D:5      | Reached XP level 8. HP: 39/63 MP: 10/10
  6726 | D:5      | Found Suptuta's General Store.
  6730 | D:5      | Found Bimenuann's Magic Scroll Shoppe.
  6760 | D:5      | Bought a scroll of enchant weapon for 75 gold pieces
  6771 | D:5      | Reached skill level 5 in Armour
  6857 | D:5      | Found Pepnan's Book Boutique.
  6921 | D:5      | Found Ciasoufoj's Gadget Boutique.
  6926 | D:5      | Bought a wand of iceblast (6) for 150 gold pieces
  7798 | D:6      | Noticed anet's ghost (novice DEWz)
  8036 | D:6      | Found Wiph's Distillery.
  8040 | D:6      | Found Mattul's Jewellery Shoppe.
  8073 | D:6      | Reached skill level 7 in Axes
  8181 | D:6      | Reached XP level 9. HP: 62/69 MP: 12/12
  8189 | D:6      | Reached skill level 5 in Invocations
  8266 | D:6      | Found a shimmering altar of Xom.
  8315 | D:6      | Noticed Pikel
  8344 | D:6      | Killed Pikel
  8344 | D:6      | Reached skill level 8 in Axes
  8546 | D:6      | Noticed Prince Ribbit
  8560 | D:6      | Killed Prince Ribbit
  8769 | D:6      | Found Cifog's Distillery.
  8770 | D:6      | Noticed Sigmund
  8775 | D:6      | Killed Sigmund
  8787 | D:6      | Bought a potion of heal wounds for 55 gold pieces
  8787 | D:6      | Bought a potion of curing for 33 gold pieces
  8923 | D:6      | Found Xisugit's General Store.
  9212 | D:6      | Killed anet's ghost
  9212 | D:6      | Reached XP level 10. HP: 69/79 MP: 14/14
  9526 | D:7      | Found a blossoming altar of Fedhas.
  9630 | D:7      | Reached skill level 9 in Axes
  9939 | D:7      | Reached **** piety under Lugonu
 10032 | D:7      | Found a staircase to the Ecumenical Temple.
 10146 | D:7      | Found a basalt altar of Yredelemnul.
 10670 | D:8      | Found a hazy altar of Hepliaklqana.
 11305 | D:8      | Found a staircase to the Lair.
 11495 | D:8      | Found a radiant altar of Vehumet.
 11646 | D:8      | Noticed Curus's ghost (novice HOAK)
 11647 | D:8      | Banished Curus's ghost
 12789 | D:9      | Found a sparkling altar of Nemelex Xobeh.
 12919 | D:9      | Found a shimmering altar of Xom.
 13084 | D:9      | Found a stormy altar of Qazlal.
 13250 | D:10     | Entered Level 10 of the Dungeon
 13263 | D:10     | Reached skill level 10 in Axes
 13799 | D:10     | Reached XP level 11. HP: 63/87 MP: 16/16
 14622 | D:11     | Noticed an unseen horror
 14650 | D:11     | Killed an unseen horror
 14650 | D:11     | Reached skill level 1 in Shields
 14655 | D:11     | Noticed Harold
 14658 | D:11     | Noticed a two-headed ogre
 15041 | Lair:1   | Entered Level 1 of the Lair of Beasts
 16011 | Lair:2   | Noticed Gastronok
 16902 | Lair:2   | Reached skill level 11 in Axes
 17417 | Lair:2   | Noticed an elephant
 17428 | Lair:2   | Killed an elephant
 17821 | Lair:2   | Found a hazy altar of Hepliaklqana.
 17884 | Lair:2   | Noticed an elephant
 17884 | Lair:2   | Noticed an elephant
 17885 | Lair:2   | Noticed an elephant
 17885 | Lair:2   | Noticed an elephant
 17885 | Lair:2   | Noticed an elephant
 17912 | Lair:2   | Killed an elephant
 17917 | Lair:2   | Killed an elephant
 17930 | Lair:2   | Banished an elephant
 17932 | Lair:2   | Banished an elephant
 18405 | Lair:2   | Got an ancient plate armour
 18416 | Lair:2   | Identified the +14 plate armour of Insatiable Hunger {MR+ Str+3} (You found it on level 2 of the Lair of Beasts)
 18445 | Lair:2   | Killed an elephant
 18495 | Lair:2   | Killed Gastronok
 18495 | Lair:2   | Reached XP level 12. HP: 88/96 MP: 17/19
 19119 | Lair:3   | Reached skill level 5 in Shields
 19437 | Lair:3   | Reached skill level 12 in Axes
 19710 | Lair:3   | Reached skill level 10 in Fighting
 19975 | Lair:3   | Found a staircase to the Shoals.
 20592 | D:11     | Reached skill level 10 in Invocations
 21269 | Lair:4   | Reached skill level 10 in Armour
 21571 | Lair:4   | Learned a level 1 spell: Summon Butterflies
 21601 | Lair:4   | Found a hole to the Spider Nest.
 21915 | Lair:4   | Reached XP level 13. HP: 73/104 MP: 20/20
 22552 | D:6      | Bought the ring of Emeo {rPois rF+ rC+ MR+} for 634 gold pieces
 24139 | Lair:6   | Entered Level 6 of the Lair of Beasts
 24203 | Lair:5   | Reached skill level 13 in Axes
 24611 | Lair:6   | Found a staircase to the Slime Pits.
 24849 | Lair:6   | Corrupted Lair:6
 24873 | Lair:6   | Noticed a black draconian annihilator
 24873 | Lair:6   | Noticed a bone dragon
 26141 | Lair:6   | Found a large runed door.
 26142 | Lair:6   | Found a large runed door.
 26171 | Lair:6   | Noticed a fire dragon
 27568 | D:11     | Killed Harold
 27574 | D:11     | Reached XP level 14. HP: 97/113 MP: 22/22
 27917 | D:11     | Found a sparkling altar of Nemelex Xobeh.
 29151 | D:12     | Found a staircase to the Orcish Mines.
 29781 | D:12     | Reached skill level 14 in Axes
 29976 | D:12     | Got a slimy battleaxe
 29977 | D:12     | Identified the +9 battleaxe of Noon {drain, +Fly rPois rF- Int-4} (You found it on level 12 of the Dungeon)
 30941 | Orc:1    | Entered Level 1 of the Orcish Mines
 31008 | Orc:1    | Found a frozen archway.
 31018 | IceCv    | Entered an ice cave
 31023 | IceCv    | Reached skill level 1 in Crossbows
 31148 | IceCv    | Found a transporter.
 31896 | Orc:1    | Reached ***** piety under Lugonu
 32067 | Orc:1    | Found a bloodstained altar of Trog.
 32270 | Orc:2    | Entered Level 2 of the Orcish Mines
 32327 | Orc:2    | Noticed Blork the orc
 32335 | Orc:2    | Killed Blork the orc
 32342 | Orc:2    | Found a labyrinth entrance.
 32343 | Orc:2    | Found a staircase to the Elven Halls.
 32351 | Lab      | Entered a labyrinth
 32491 | Lab      | Got a polished halberd
 32506 | Lab      | Identified the +8 halberd of Bread {speed, rPois MR+ Str-5} (You found it in a labyrinth)
 32728 | Lab      | Got a warped platinum ring
 32730 | Lab      | Identified the ring of Exhibitionism {rF+ MR+} (You found it in a labyrinth)
 32881 | Orc:2    | Noticed an orc warlord
 32893 | Orc:2    | Killed an orc warlord
 32893 | Orc:2    | Reached skill level 10 in Shields
 32921 | Orc:2    | Found a roughly hewn altar of Beogh.
 33278 | Orc:2    | Found Mylewow's Antique Armour Shoppe.
 33288 | Orc:2    | Found Syopua's Jewellery Shoppe.
 33290 | Orc:2    | Found Etzamoc's Antique Weapon Shoppe.
 33322 | Orc:2    | Found Igrud's General Store.
 33817 | Orc:2    | Bought the cursed necklace of Bloodlust {*Rage +Rage MR++ Int-3 Slay+6 *Curse} for 968 gold pieces
 33817 | Orc:2    | Found the cursed necklace of Bloodlust {*Rage +Rage MR++ Int-3 Slay+6 *Curse}
 33834 | Orc:2    | Bought a scroll of magic mapping for 52 gold pieces
 33834 | Orc:2    | Bought a potion of heal wounds for 75 gold pieces
 33834 | Orc:2    | Bought a potion of curing for 45 gold pieces
 34957 | D:14     | Reached XP level 15. HP: 84/121 MP: 23/23
 35003 | D:14     | Corrupted D:14
 35003 | D:14     | Noticed a tentacled starspawn
 35003 | D:14     | Noticed a bone dragon
 35018 | D:14     | Noticed a tengu reaver
 35021 | D:14     | Killed a tengu reaver
 35077 | D:14     | Killed an orc warlord
 35259 | D:14     | Noticed Nessos
 35274 | D:14     | Killed Nessos
 35274 | D:14     | Reached skill level 5 in Crossbows
 36050 | D:14     | Reached skill level 15 in Axes
 36558 | D:14     | Found a gate to the Vaults.
 36981 | D:15     | Entered Level 15 of the Dungeon
 37062 | D:15     | Found a staircase to the Depths.
 37069 | D:15     | Corrupted D:15
 37489 | D:15     | Noticed Agnes
 37496 | D:15     | Killed Agnes
 38758 | Spider:1 | Entered Level 1 of the Spider Nest
 38807 | Spider:1 | Reached XP level 16. HP: 130/131 MP: 24/24
 39779 | Spider:1 | Reached ****** piety under Lugonu
 40867 | Spider:2 | Reached skill level 15 in Shields
 40867 | Spider:2 | Reached XP level 17. HP: 138/138 MP: 25/25
 41655 | Spider:2 | Got a slimy cloak
 41666 | Spider:2 | Identified the +1 cloak of Naniusch {Int+6 Dex+4} (You found it on level 2 of the Spider Nest)
 41873 | Spider:2 | Reached skill level 16 in Axes
 42228 | Spider:2 | Identified a scroll of acquirement
 42237 | Spider:2 | Got a smelly plate armour
 42248 | Spider:2 | Identified the +4 plate armour of Lean {Str+3} (You acquired it on level 2 of the Spider Nest)
 42627 | Spider:3 | Reached XP level 18. HP: 137/147 MP: 27/27
 43371 | Spider:4 | Entered Level 4 of the Spider Nest
 44453 | Spider:4 | Noticed Aizul
 44463 | Spider:4 | Killed Aizul
 45070 | Spider:4 | Reached skill level 17 in Axes
 45266 | Spider:4 | Corrupted Spider:4
 45266 | Spider:4 | Noticed a bone dragon
 45772 | Spider:4 | Got a gossamer rune of Zot
 46011 | D:6      | Bought a potion of heal wounds for 50 gold pieces
 46011 | D:6      | Bought a throwing net for 30 gold pieces
 46011 | D:6      | Bought a ration for 50 gold pieces
 46034 | D:6      | Bought a potion of heal wounds for 55 gold pieces
 46034 | D:6      | Bought a potion of resistance for 110 gold pieces
 46034 | D:6      | Bought a potion of might for 44 gold pieces
 46168 | Shoals:1 | Entered Level 1 of the Shoals
 46714 | Shoals:1 | Reached skill level 15 in Fighting
 46900 | Shoals:1 | Noticed a kraken
 46924 | Shoals:1 | Killed a kraken
 47377 | Shoals:2 | Reached XP level 19. HP: 111/155 MP: 29/29
 48234 | Shoals:3 | Reached skill level 10 in Crossbows
 48546 | Shoals:3 | Noticed Roxanne
 49649 | Shoals:4 | Entered Level 4 of the Shoals
 49649 | Shoals:4 | Noticed Ilsuiw
 49658 | Shoals:4 | Killed from afar by a merfolk aquamancer

Vault maps used:
D:1:      lemuel_arrival_rhombus
D:2:      grunt_dithmenos_smoke, first_ration, uniq_robin, uniq_terence
D:3:      elyvilon_altar_3, lightli_sewer_entry_pipes
D:4:      makhleb_blood_cavern_becter, uniq_natasha
D:5:      serial_shops, shop, shop, shop_coins, kennysheep_little_box,
          kennysheep_generic_room_14, uniq_eustachio
D:6:      kennysheep_mini, serial_shops, shop, shop, nicolae_shop_waterfront,
          shop, nrook_uturn, corexii_corridor_pit, kennysheep_generic_room_13,
          uniq_pikel, uniq_sigmund, uniq_prince_ribbit1
D:7:      old_standard_altar, nicolae_overflow_crystal_walls,
          minmay_temple_entry_overgrown
D:8:      old_standard_altar, vehumet_crystals, lair_entry_dummy,
          blue_anna_alchemist
D:9:      kennysheep_mini_moat, nemelex_altar_shiori, basic_altar, serial_bayou,
          serial_bayou_pond_d, serial_bayou_ford_a, serial_bayou_shore_b,
          serial_bayou_shore_b, hangedman_decor_opposing
D:11:     basic_altar, uniq_harold
D:12:     david_orc_3
D:13:     minmay_misc_feat_iff
D:14:     minmay_the_grid_3x3, lightli_vaults_fourway_checkpoint,
          grunt_decor_fettered, uniq_nessos
D:15:     gammafunk_depths_entry_grave, uniq_agnes
Lair:1:   dpeg_stationary_puzzle
Lair:2:   basic_altar, uniq_gastronok
Lair:3:   elwin_shoals_entry_stream
Lair:4:   nicolae_spider_entry_tight_spaces
Lair:5:   kennysheep_abandoned_house
Lair:6:   cheibrodos_lair_end_hotspot, minmay_slime_entry_eyes
Shoals:1: argonaut_golden_fleece
Shoals:3: uniq_roxanne
Shoals:4: shoals_end_hangedman, shoal_ilsuiw, nicolae_shoals_square_sea_wall
Spider:1: zaba_anthell
Spider:2: spider_trap
Spider:4: spider_rune_water, uniq_aizul
Orc:1:    portal_ice_cave_entry_pillars_1, bloody_trog
Orc:2:    grunt_orc_cross, lab_entry_generic, abandoned_shop
Lab:      nicolae_lab_dead_end, nicolae_lab_do_over, nicolae_lab_checkerboard,
          nicolae_lab_x, nicolae_lab_grate, nicolae_lab_plus,
          labyrinth_lava_lair
Sewer:    sewer_co_scattered_pipes
IceCv:    ice_cave_statue_garden_teleport

Skill      XL: |  1  2  3  4  5  6  7  8  9 10 11 12 13 14 15 16 17 18 19 |
---------------+----------------------------------------------------------+-----
Axes           | 3 4 5 6 7 8 10 11 12 13 14 15 16 17 | 17.9
Armour         | 3 4 5 7 8 9 10 11 12 | 12.2
Fighting       | 4 5 6 7 8 9 10 11 12 13 14 15 | 15.4
Invocations    | 3 4 6 7 9 10 11 12 13 | 13.8
Shields        | 4 6 8 11 13 15 | 15.0
Crossbows      | 3 6 7 8 9 10 | 10.2
Dodging        | |  0.8

Action                   |  1- 3 |  4- 6 |  7- 9 | 10-12 | 13-15 | 16-18 | 19-21 || total
-------------------------+-------+-------+-------+-------+-------+-------+-------++-------
Melee: Hand axe          |   117 |   513 |       |       |       |       |       ||   630
       War axe           |       |    22 |   318 |   225 |       |       |       ||   565
       Battleaxe         |       |       |       |   558 |  1144 |   592 |   184 ||  2478
       Morningstar       |       |       |       |       |    16 |       |       ||    16
 Fire: Hand crossbow     |       |       |       |    15 |       |       |       ||    15
       Shortbow          |       |       |       |     6 |       |       |       ||     6
       Arbalest          |       |       |       |       |    26 |   145 |    39 ||   210
Throw: Throwing net      |       |       |       |       |       |     1 |     1 ||     2
Invok: Depart the Abyss  |     1 |       |       |       |       |       |       ||     1
       Banish            |       |       |       |     9 |     3 |     3 |       ||    15
       Bend Space        |       |       |       |     7 |     3 |     2 |       ||    12
       Corrupt           |       |       |       |       |     3 |     1 |       ||     4
 Abil: Dig               |       |       |       |       |     7 |     5 |       ||    12
       Evoke Flight      |       |       |       |       |     1 |       |     1 ||     2
Evoke: Wand              |       |       |     4 |     6 |     4 |       |       ||    14
  Use: Scroll            |       |     3 |     8 |     6 |     5 |    13 |       ||    35
       Potion            |       |     2 |       |     9 |     2 |     6 |     1 ||    20
 Stab: Petrifying        |       |       |       |       |     1 |       |       ||     1
       Held in net/web   |       |       |       |       |       |     2 |       ||     2
  Eat: Chunk             |     1 |    12 |     8 |    25 |    35 |    13 |     3 ||    97
       Ration            |       |       |     2 |     6 |     9 |     5 |     1 ||    23
Armor: Leather armour    |    17 |       |       |       |       |       |       ||    17
       Plate armour      |    33 |   309 |   211 |   624 |   752 |   605 |   118 ||  2652
Dodge: Dodged            |    73 |   103 |    87 |   225 |   300 |   248 |    47 ||  1083
Block: Shield            |       |       |       |   261 |   800 |   777 |   206 ||  2044

Table legend:
 A = Spawn XP
 B = Non-spawn XP
 C = Spawn XP percentage of total XP
 D = Spawn monster count
 E = Non-spawn monster count
 F = Spawn count percentage of total count
 G = Total turns spent on level
                    A         B        C        D         E        F      G
               +---------+---------+-------+---------+---------+-------+---------
         Total |       0 |  245046 |   0.0 |       0 |    1036 |   0.0 | 49658
               +---------+---------+-------+---------+---------+-------+---------
           D:1 |       0 |      44 |   0.0 |       0 |      22 |   0.0 |   851
           D:2 |       0 |     115 |   0.0 |       0 |      24 |   0.0 |  1166
           D:3 |       0 |     281 |   0.0 |       0 |      38 |   0.0 |  1545
           D:4 |       0 |     239 |   0.0 |       0 |      13 |   0.0 |  1328
           D:5 |       0 |     913 |   0.0 |       0 |      20 |   0.0 |  1850
           D:6 |       0 |    2554 |   0.0 |       0 |      24 |   0.0 |  1864
           D:7 |       0 |    1034 |   0.0 |       0 |      31 |   0.0 |  1273
           D:8 |       0 |     983 |   0.0 |       0 |      10 |   0.0 |  1636
           D:9 |       0 |     501 |   0.0 |       0 |      14 |   0.0 |  1014
          D:10 |       0 |    1840 |   0.0 |       0 |      31 |   0.0 |  1958
          D:11 |       0 |    7374 |   0.0 |       0 |      28 |   0.0 |  1959
          D:12 |       0 |    4526 |   0.0 |       0 |      42 |   0.0 |  1707
          D:13 |       0 |    1119 |   0.0 |       0 |      13 |   0.0 |   933
          D:14 |       0 |   29259 |   0.0 |       0 |      79 |   0.0 |  2733
          D:15 |       0 |    9970 |   0.0 |       0 |      33 |   0.0 |   981
        Lair:1 |       0 |     828 |   0.0 |       0 |       6 |   0.0 |  1670
        Lair:2 |       0 |    6412 |   0.0 |       0 |      16 |   0.0 |  2459
        Lair:3 |       0 |    5246 |   0.0 |       0 |      21 |   0.0 |  1720
        Lair:4 |       0 |    6722 |   0.0 |       0 |      33 |   0.0 |  2552
        Lair:5 |       0 |    3267 |   0.0 |       0 |      29 |   0.0 |  1579
        Lair:6 |       0 |   11053 |   0.0 |       0 |      45 |   0.0 |  2960
      Shoals:1 |       0 |   15933 |   0.0 |       0 |      30 |   0.0 |   881
      Shoals:2 |       0 |   18153 |   0.0 |       0 |      40 |   0.0 |  1408
      Shoals:3 |       0 |   18844 |   0.0 |       0 |      37 |   0.0 |  1192
      Spider:1 |       0 |   23152 |   0.0 |       0 |      94 |   0.0 |  1677
      Spider:2 |       0 |   12823 |   0.0 |       0 |      28 |   0.0 |  1203
      Spider:3 |       0 |   16376 |   0.0 |       0 |      44 |   0.0 |  1148
      Spider:4 |       0 |   30249 |   0.0 |       0 |      65 |   0.0 |  2174
         Orc:1 |       0 |    3306 |   0.0 |       0 |      45 |   0.0 |   992
         Orc:2 |       0 |    7899 |   0.0 |       0 |      39 |   0.0 |  1072
           Lab |       0 |    1303 |   0.0 |       0 |       5 |   0.0 |   413
         Sewer |       0 |      73 |   0.0 |       0 |      27 |   0.0 |  1253
         IceCv |       0 |    2655 |   0.0 |       0 |      10 |   0.0 |   471
               +---------+---------+-------+---------+---------+-------+---------
